AoeStats
← CamperCarl

Oasis

508622251Analyzed
2v2 RM · 8d ago on Sep 23, 2026· 44m 49s· 4 players
Game mode
Random Map
Map size
Medium (4 player)
Population
200
Speed
Normal
Resources
Standard
Victory
Conquest
Starting age
Dark Age
Ending age
Imperial Age
RankedLock teamsTeams togetherTeam positionsShared explorationLock speedFull tech treeHidden civsTurbo modeCheats
Victory
Defeat
🇦🇺 Spanish · Australia
1344
+21
🇦🇺 Danes · Australia
1291
+23
🇻🇳 Varangians · Vietnam
1527
-24
🇹🇼 Danes · Taiwan
1399
-20
stevenmin830605
7:14 Loom
9:41 Feudal Age
10:09 Double-Bit Axe
12:10 Man-at-Arms
14:34 Forging
19:14 Castle Age
17:43 Gold Mining
18:02 Stone Mining
19:05 Scale Barding Armor
19:03 Scale Mail Armor
18:58 Arson
19:58 Wheelbarrow
19:58 Squires
19:45 Gambesons
20:15 Bow Saw
20:05 Horse Collar
21:02 Heavy Plow
22:15 Hand Cart
23:03 Fletching
23:50 Bodkin Arrow
26:06 Stone Shaft Mining
26:08 Gold Shaft Mining
25:23 Town Watch
26:55 Chain Mail Armor
33:13 Imperial Age
31:00 Masonry
31:06 Padded Archer Armor
32:36 Ballistics
33:49 Iron Casting
33:30 Murder Holes
35:09 Chemistry
34:00 Elite Skirmisher
35:40 Thumb Ring
37:04 Siege Engineers
38:06 Bracer
38:22 Leather Archer Armor
40:57 Blast Furnace
40:29 Ring Archer Armor
41:07 Long Swordsman
41:50 Two-Handed Swordsman
43:16 Plate Mail Armor
42:41 Champion
44:30 Conscription
43:32 Hamask
44:34 Elite Jomsviking
DEXXTER
8:06 Loom
10:21 Feudal Age
15:03 Castle Age
14:56 Double-Bit Axe
14:52 Horse Collar
15:43 Gold Mining
18:26 Fletching
19:57 Padded Archer Armor
21:07 Husbandry
23:54 Scale Mail Armor
24:28 Squires
25:20 Wheelbarrow
25:07 Chain Mail Armor
25:25 Gambesons
29:51 Forging
29:49 Scale Barding Armor
29:56 Bloodlines
37:58 Chain Barding Armor
38:13 Iron Casting
41:31 Imperial Age
41:49 Cavalier
43:21 Conscription
44:17 Plate Barding Armor
CamperCarl
6:22 Loom
9:14 Feudal Age
15:23 Man-at-Arms
18:09 Castle Age
15:35 Man-at-Arms
16:20 Horse Collar
17:25 Fletching
17:34 Double-Bit Axe
18:53 Bodkin Arrow
21:22 Thumb Ring
22:18 Ballistics
25:25 Bow Saw
29:35 Imperial Age
30:42 Bracer
33:05 Padded Archer Armor
34:29 Cranequins
37:21 Wheelbarrow
38:02 Caravan
39:57 Onager
45:28 Leather Archer Armor
GI
8:11 Loom
10:58 Feudal Age
15:21 Castle Age
13:16 Double-Bit Axe
14:07 Horse Collar
15:55 Town Watch
17:11 Wheelbarrow
21:50 Fletching
24:06 Bow Saw
25:10 Gold Mining
26:07 Bodkin Arrow
30:00 Imperial Age
29:10 Padded Archer Armor
29:33 Ballistics
29:24 Masonry
30:43 Bracer
31:07 Conscription
30:53 Heavy Plow
30:56 Stone Mining
31:27 Caravan
34:12 Chemistry
33:43 Architecture
33:54 Hand Cart
34:13 Thumb Ring
34:46 Leather Archer Armor
35:33 Hoardings
40:16 Heavy Mounted Crossbowman
43:41 Coinage
43:24 Guilds
Connection lost

Rejoining the realm…

Still unreachable

The connection could not be restored.

Session expired

The server has moved on; the page needs a fresh start.